 Dungeon Crawl Stone Soup version 0.24-a0-446-g87df7205b4 (webtiles) character file.

Game seed: 4458262245235496754

144594 Iscandelvey the Lord of Darkness (level 16, -3/122 HPs)
             Began as a Demonspawn Arcane Marksman on June 19, 2019.
             Was the Champion of Kikubaaqudgha.
             Killed by the raging water
             ... invoked by a water nymph
              (16 damage)
             ... on level 4 of the Shoals on June 24, 2019.
             The game lasted 07:06:09 (41031 turns).

Iscandelvey the Lord of Darkness (DsAM)            Turns: 41031, Time: 07:06:09

Health: -3/122     AC: 15    Str: 14    XL:     16   Next: 85%
Magic:  11/33      EV: 16    Int: 20    God:    Kikubaaqudgha [******]
Gold:   3275       SH:  5    Dex: 15    Spells: 1/41 levels left

rFire    + . .     SeeInvis .   m - +12 spear "Remok" {drain, rN+ Str+3}
rCold    + + .     Gourm    .   l - +0 buckler
rNeg     + + .     Faith    .   Z - +2 scale mail {rPois}
rPois    +         Spirit   .   h - +0 hat
rElec    .         Reflect  .   R - scarf {rC+ rF+}
rCorr    .         Harm     .   (gloves unavailable)
MR       +....                  y - +2 pair of boots
Stlth    ..........             O - amulet of Yhesah {rN+ Regen+}
HPRegen  4.70/turn              n - ring of flight
MPRegen  0.23/turn              K - ring of wizardry

@: about to teleport, mesmerised, very slightly contaminated, regenerating, very
slow
A: claws 3, repulsion field 2, cold resistance 1, demonic guardian 2, powered by
death 3
a: Receive Corpses, Torment, Renounce Religion, Evoke Flight


You were on level 4 of the Shoals.
You worshipped Kikubaaqudgha.
Kikubaaqudgha was exalted by your worship.
You were not hungry.

You visited 7 branches of the dungeon, and saw 30 of its levels.
You also visited: Ice Cave.

You collected 3670 gold pieces.
You spent 395 gold pieces at shops.

Inventory:

Hand Weapons
 m - the +12 spear "Remok" (weapon) {drain, rN+ Str+3}
   (You found it on level 5 of the Lair of Beasts)

   A truly terrible weapon, it drains the life of those it strikes.
   It affects your strength (+3).
   It protects you from negative energy.
 W - a +7 shortbow of flaming
Missiles
 b - 9 throwing nets
 g - 645 arrows
 t - 48 poisoned darts
 u - 6 curare-tipped darts
 x - 15 boomerangs of dispersal
 M - 66 boomerangs (quivered)
 X - 18 javelins
Armour
 h - a +0 hat (worn)
 l - a +0 buckler (worn)
 y - a +2 pair of boots (worn)
 R - a scarf of resistance (worn)
 Z - a +2 scale mail of poison resistance (worn)
Jewellery
 n - a ring of flight (left claw)
 o - a +3 ring of dexterity
 z - an uncursed ring of protection from fire
 K - a ring of wizardry (right claw)
 O - the amulet of Yhesah (around neck) {rN+ Regen+}
   (You found it in an ice cave)

   [amulet of regeneration]

   It protects you from negative energy.
   It increases your rate of regeneration.
 T - an uncursed ring of see invisible
Wands
 e - a wand of acid (34)
 j - a wand of polymorph (6)
 p - a wand of disintegration (10)
 q - a wand of paralysis (1)
 r - a wand of digging (9)
 F - a wand of iceblast (29)
 G - a wand of clouds (2)
 S - a wand of enslavement (18)
Scrolls
 d - a scroll of immolation
 i - 11 scrolls of remove curse
 s - 4 scrolls of fear
 v - 9 scrolls of teleportation
 B - 7 scrolls of magic mapping
 C - 2 scrolls of torment
 I - a scroll of identify
 J - 2 scrolls of blinking
 L - a scroll of enchant weapon
 Y - 2 scrolls of fog
Potions
 c - 2 potions of mutation
 w - 2 potions of curing
 A - 4 potions of lignification
 E - a potion of agility
 H - a potion of flight
 N - a potion of invisibility
 U - 4 potions of haste
Miscellaneous
 k - a lightning rod (4/4)
 D - a fan of gales
 V - a crystal ball of energy
Comestibles
 f - 36 rations


   Skills:
 - Level 10.0 Fighting
   Level 0.1 Short Blades
   Level 2.2(4.1) Slings
 - Level 5.4(5.6) Throwing
 - Level 13.8 Armour
 - Level 7.0 Dodging
 - Level 4.4 Shields
 * Level 13.4 Spellcasting
 - Level 2.3 Conjurations
 - Level 8.7 Hexes
 * Level 15.3 Necromancy
 - Level 2.1 Translocations
 - Level 4.5 Evocations


You had one spell level left.
You knew the following spells:

 Your Spells              Type           Power        Failure   Level  Hunger
a - Corona                Hex            #####..      1%          1    None
b - Slow                  Hex            #####...     1%          2    None
c - Cause Fear            Hex            #####.....   1%          4    None
d - Vampiric Draining     Necr           ######....   1%          3    None
e - Sublimation of Blood  Necr           ######....   1%          2    None
f - Confusing Touch       Hex            #####.       1%          1    None
g - Apportation           Tloc           ###...       2%          1    None
h - Confuse               Hex            #####...     1%          3    None
i - Mephitic Cloud        Conj/Pois/Air  ###.....     12%         3    None
j - Conjure Flame         Conj/Fire      ###.....     11%         3    None
k - Blink                 Tloc           N/A          3%          2    None
l - Animate Skeleton      Necr           N/A          1%          1    None
m - Animate Dead          Necr           N/A          1%          4    None
n - Borgnjor's Vile Clut  Necr/Erth      #####.....   6%          5    ####...
o - Regeneration          Chrm/Necr      #####.....   1%          3    None
p - Swiftness             Chrm/Air       ##......     9%          2    None

Your spell library contained the following spells:

 Spells                   Type           Power        Failure   Level  Hunger
 Pain                     Necr           ####         1%          1    None
 Magic Dart               Conj           ###.         2%          1    None
 Flame Tongue             Conj/Fire      ###..        3%          1    None
 Shock                    Conj/Air       ###.         3%          1    None
 Sting                    Conj/Pois      ###.         3%          1    None
 Freeze                   Ice            ##..         6%          1    None
 Sandblast                Erth           ##....       6%          1    None
 Summon Small Mammal      Summ           ##..         6%          1    None
 Corpse Rot               Necr           N/A          1%          2    None
 Ensorcelled Hibernation  Hex/Ice        ####..       1%          2    None
 Dazzling Spray           Conj/Hex       #####.       1%          3    None
 Portal Projectile        Hex/Tloc       #####.       1%          3    None
 Tukima's Dance           Hex            #####...     1%          3    None
 Dispel Undead            Necr           ######..     1%          5    ####...
 Inner Flame              Hex/Fire       ####....     2%          3    None
 Searing Ray              Conj           ###...       3%          2    None
 Bolt of Draining         Conj/Necr      #####.....   4%          5    ####...
 Throw Flame              Conj/Fire      ###...       5%          2    None
 Throw Frost              Conj/Ice       ###...       5%          2    None
 Excruciating Wounds      Chrm/Necr      #####.....   6%          5    ####...
 Gell's Gravitas          Tloc           ###.......   7%          3    None
 Call Imp                 Summ           ##......     9%          2    None
 Passwall                 Tmut/Erth      ##......     9%          2    None
 Poisonous Vapours        Pois/Air       ##....       9%          2    None
 Leda's Liquefaction      Hex/Erth       ####......   9%          4    None
 Static Discharge         Conj/Air       ###.....     11%         3    None
 Stone Arrow              Conj/Erth      ###...       11%         3    None
 Ozocubu's Armour         Chrm/Ice       ##......     16%         3    None
 Passage of Golubria      Tloc           N/A          22%         4    None
 Darkness                 Hex            #####.....   22%         6    #####..
 Invisibility             Hex            #####...     22%         6    #####..
 Metabolic Englaciation   Hex/Ice        ####......   24%         5    ####...
 Yara's Violent Unravell  Hex/Tmut       ####......   24%         5    ####...
 Sticky Flame             Conj/Fire      ###.....     32%         4    None
 Throw Icicle             Conj/Ice       ###.....     32%         4    None
 Simulacrum               Ice/Necr       #####.....   32%         6    #####..
 Airstrike                Air            ##........   45%         4    None
 Olgreb's Toxic Radiance  Pois           ##......     45%         4    None
 Petrify                  Tmut/Erth      ##......     45%         4    None
 Summon Ice Beast         Ice/Summ       ##......     45%         4    None
 Borgnjor's Revivificati  Necr           ######....   52%         8    #######
 Infestation              Necr           ######....   52%         8    #######
 Fireball                 Conj/Fire      ###.......   65%         5    ####...
 Iskenderun's Battlesphe  Conj/Chrm      ###.....     65%         5    ####...
 Lightning Bolt           Conj/Air       ###.......   65%         5    ####...
 Venom Bolt               Conj/Pois      ###.......   65%         5    ####...
 Bolt of Magma            Conj/Fire/Erth ###.......   69%         5    ####...
 Lee's Rapid Deconstruct  Erth           ##........   80%         5    ####...
 Haunt                    Necr/Summ      #####.....   86%         7    #######
 Iron Shot                Conj/Erth      ###.......   99%         6    #####..
 Orb of Destruction       Conj           ###.......   100%        7    #######
 Spellforged Servitor     Conj/Summ      ###.......   100%        7    #######
 Death's Door             Chrm/Necr      #####.....   100%        8    #######
 Necromutation            Tmut/Necr      #####.....   100%        8    #######


Dungeon Overview and Level Annotations

Branches:
Dungeon (15/15)            Temple (1/1) D:6            Lair (6/6) D:10
 Shoals (4/4) Lair:2       Spider (1/4) Lair:4        Slime (0/5) Lair:6
    Orc (2/2) D:10            Elf (0/3) Orc:2        Vaults (0/5) D:13
 Depths (1/5) D:15

Altars:
Ashenzari
Cheibriados
Dithmenos
Elyvilon
Fedhas
Gozag
Hepliaklqana
Kikubaaqudgha
Makhleb
Nemelex Xobeh
Okawaru
Qazlal
Ru
Sif Muna
Trog
Uskayaw
Vehumet
Wu Jian
Xom
Yredelemnul
Zin
The Shining One
Beogh

Shops:
D:4 %%   D:6 (   Orc:2 }:[?

Annotations:
Shoals:4 Bai Suzhen, Donald, Louise
Spider:1 Jorgrun


Innate Abilities, Weirdness & Mutations

You have claws for hands.
You are surrounded by a moderate repulsion field. (EV +3)
Your flesh is cold resistant. (rC+)
A demonic guardian rushes to your aid.
You regenerate a lot of health from kills.


Message History

A violent storm begins to rage around Bai Suzhen.
The wind drake is struck by lightning.
The wind drake closely misses your merfolk impaler zombie.
Louise blocks your merfolk zombie's attack.
Your sea snake zombie bites the faun.
The wind drake bites your merfolk aquamancer zombie.
The merfolk throws a boomerang.
The boomerang closely misses your water nymph zombie.
The boomerang hits you.
* * * LOW HITPOINT WARNING * * *
The weapon returns to the merfolk!
Your snapping turtle zombie bites the harpy!
The faun is struck by lightning.
The faun gestures at you while chanting.
Your merfolk zombie struggles to resist.
Your water nymph zombie hits Donald but does no damage.
The water nymph points at you and mumbles some strange words.
The water swirls and strikes you!
You die...
Kikubaaqudgha rasps: "You have failed me!
Welcome... death!"

≈≈≈≈....≈≈≈≈≈≈≈≈≈.P≈≈≈≈P
≈≈≈≈...#≈.≈≈≈≈≈≈≈P.#≈≈≈≈
≈≈≈≈..≈≈)..≈≈≈≈≈P≈≈≈≈≈
≈..m..≈<#...≈≈≈≈≈≈#≈≈
≈≈..≈.m.≈(.≈..≈≈≈≈≈≈≈
m.Em..≈≈(Z#.(..P#≈
....ZZ.≈(Z@.#.#≈≈
...kZZZ○(...P...≈
...)Z@Z@HZHP.....
...ZZZZZZ........
...Dk§ZZ.HH)....
...mmDZ...[.....
....EcZ.....##P.
≈≈≈≈≈cZ§......PP
≈≈≈≈≈≈≈....PP..
≈≈≈≈≈≈≈≈.......
P≈#≈≈≈≈≈≈#P....


You could see Bai Suzhen, Louise, Donald, a merfolk impaler, a four-headed
hydra, 2 wind drakes, 2 merfolk, 2 fauns, 2 water elementals, 2 merfolk sirens,
a water nymph, 4 harpies, 2 friendly sea snake zombies, a friendly manticore
zombie, 4 friendly snapping turtle zombies, 2 friendly alligator snapping turtle
zombies, 4 friendly merfolk zombies, a friendly merfolk impaler zombie, 2
friendly merfolk aquamancer zombies, a friendly cyclops zombie (confused), a
friendly wind drake zombie, a friendly faun zombie and 2 friendly water nymph
zombies.

Vanquished Creatures
  Frances (Shoals:1)
  A sphinx (D:15)
  A fire giant (D:15)
  Ilsuiw (Shoals:2)
  An emperor scorpion (Spider:1)
  3 merfolk impalers (Shoals:1)
  A merfolk javelineer (Shoals:3)
  5 hydras
  2 ice dragons (IceCv)
  5 centaur warriors
  4 ogre magi
  A merfolk avatar (Shoals:4)
  A satyr (Shoals:3)
  17 two-headed ogres
  A deep troll shaman (D:15)
  2 death yaks (Lair:6)
  A skeletal warrior (D:12)
  A deep troll (D:15)
  6 wizards (D:13)
  8 sea snakes
  4 unseen horrors
  13 harpies
  An orc knight (D:15)
  2 orb spiders (Spider:1)
  7 manticores
  A necromancer (D:13)
  2 wolf spiders (Spider:1)
  6 ugly things
  An oklob plant (Shoals:2)
  9 cyclopes
  A deep elf mage (D:15)
  4 fauns
  2 centaur zombies (D:13)
  9 merfolk sirens
  A guardian serpent (shapeshifter) (D:15)
  A black mamba (Lair:4)
  2 ice statues (IceCv)
  Maurice (Orc:2)
  2 water nymphs
  A spiny frog (shapeshifter) (D:15)
  A torpor snail (Lair:6)
  2 gargoyles (D:13)
  12 spiny frogs
  4 rime drakes
  3 kobold demonologists (D:11)
  3 efreet
  5 komodo dragons
  A freezing wraith (D:12)
  8 trolls
  6 polar bears
  A tengu conjurer (D:15)
  3 wind drakes
  6 jumping spiders
  A jumping spider (shapeshifter) (D:15)
  6 hornets
  23 merfolk
  14 slime creatures
  13 blink frogs
  14 dream sheep
  3 snapping turtles
  6 hippogriffs
  A hippogriff (shapeshifter) (D:15)
  10 spriggans (Lair:6)
  11 redbacks
  2 water elementals
  3 tarantellas (Spider:1)
  A wyvern (D:13)
  A shadow (D:11)
  51 yaks
  A human (D:7)
  A steam dragon (D:12)
  5 wraiths
  5 basilisks
  2 hogs (D:7)
  11 vampire mosquitoes
  2 hungry ghosts
  5 wargs
  11 water moccasins
  An acid dragon (D:13)
  17 orc warriors
  6 porcupines
  3 hornet zombies
  22 ice beasts
  4 sky beasts
  2 phantoms (D:6)
  3 black bears
  3 necrophages
  27 centaurs
  27 ogres
  3 boggarts (Lair:6)
  11 crocodiles
  21 wolves
  Blork the orc (D:4)
  5 big kobolds
  15 bullfrogs
  5 scorpions
  2 water moccasin zombies
  9 killer bees (D:7)
  3 wights (D:13)
  2 electric eels (Lair:3)
  5 howler monkeys
  12 crimson imps
  A bullfrog zombie (D:10)
  6 hounds
  3 jellies
  18 orc priests
  3 centaur skeletons
  A gnoll shaman (D:7)
  2 bullfrog skeletons
  Jessica (D:3)
  Ijyb (D:3)
  3 iguanas
  25 orc wizards
  5 worker ants
  2 hound zombies
  A hound skeleton (D:5)
  2 worker ant zombies
  A mummy (D:5)
  9 adders
  8 gnolls
  A howler monkey skeleton (D:9)
  A shadow imp (D:11)
  An ooze (D:4)
  An adder skeleton (D:6)
  4 worms
  6 leopard geckos
  66 orcs
  7 bats
  6 giant cockroaches
  8 goblins
  7 hobgoblins
  4 jackals
  18 kobolds
  5 quokkas
  A ball python (D:5)
  3 frilled lizards
  6 rats
837 creatures vanquished.

Vanquished Creatures (collateral kills)
  3 merfolk impalers
  Erica (D:8)
  2 two-headed ogres (Orc:2)
  5 merfolk aquamancers (Shoals:4)
  3 merfolk avatars
  An alligator snapping turtle (Shoals:4)
  A death yak (Lair:6)
  A deep troll shaman (D:15)
  4 sea snakes
  A harpy (Shoals:3)
  An ugly thing (D:14)
  An orb spider (Spider:1)
  2 slime creatures (D:15)
  2 cyclopes
  2 manticores (Shoals:4)
  8 fauns
  A merfolk siren (Lair:2)
  2 water nymphs
  A spiny frog (Lair:3)
  7 merfolk
  A wind drake (Shoals:2)
  A polar bear (Lair:6)
  2 hornets (Lair:6)
  2 blink frogs (Lair:6)
  A hippogriff (Lair:2)
  A snapping turtle (Shoals:4)
  4 dream sheep (Shoals:2)
  4 spriggans
  2 water elementals (Shoals:4)
  12 yaks
  A hog (D:6)
  A basilisk (D:13)
  A water moccasin (Lair:6)
  An ice beast (D:14)
  A black bear (Lair:6)
  3 ogres
  6 wolves (Lair:6)
  2 centaurs (D:13)
  4 bullfrogs
  A howler monkey (D:9)
  2 crimson imps
  A jelly (Lair:6)
  A bullfrog skeleton (D:7)
  2 oozes (Lair:6)
  3 orcs
  2 kobolds (D:6)
  15 plants
126 creatures vanquished.

Vanquished Creatures (others)
  A wizard (D:13)
  An orc (D:12)
  4 fungi
  26 plants
  4 tentacles (Shoals:3)
36 creatures vanquished.

Grand Total: 999 creatures vanquished

Notes
Turn   | Place    | Note
-------+----------+-------------------------------------------
     0 | D:1      | Iscandelvey the Demonspawn Arcane Marksman began the quest
                  | for the Orb.
     0 | D:1      | Reached XP level 1. HP: 15/15 MP: 2/2
   145 | D:1      | Gained mutation: You regenerate a little health from kills.
                  | [demonic ancestry]
   145 | D:1      | Reached XP level 2. HP: 21/21 MP: 3/3
   174 | D:1      | Learned a level 2 spell: Slow
   725 | D:2      | Gained mutation: You are surrounded by a mild repulsion
                  | field. (EV +2) [demonic ancestry]
   725 | D:2      | Reached XP level 3. HP: 26/26 MP: 1/5
   947 | D:2      | You fall into a shaft and drop 1 floor!
   954 | D:3      | Noticed Ijyb
   958 | D:3      | Found a faded altar of an unknown god.
   958 | D:3      | Noticed Jessica
   971 | D:3      | Killed Ijyb
   971 | D:3      | Reached skill level 1 in Throwing
   971 | D:3      | Gained mutation: You have sharp fingernails. [demonic
                  | ancestry]
   971 | D:3      | Reached XP level 4. HP: 29/32 MP: 4/6
   973 | D:3      | Killed Jessica
   973 | D:3      | Reached skill level 1 in Shields
  1603 | D:2      | Reached XP level 5. HP: 37/37 MP: 3/7
  2656 | D:4      | Noticed an ogre
  2784 | D:3      | Gained mutation: A weak demonic guardian rushes to your
                  | aid. [demonic ancestry]
  2784 | D:3      | Reached XP level 6. HP: 34/43 MP: 2/9
  3060 | D:4      | Found Meg Roiv's Food Shoppe.
  3407 | D:4      | Noticed Blork the orc
  3422 | D:4      | Killed Blork the orc
  3422 | D:4      | Reached XP level 7. HP: 42/48 MP: 5/11
  3449 | D:4      | Found Ilevequd's Food Emporium.
  3840 | D:5      | Entered Level 5 of the Dungeon
  4298 | D:5      | Found a sand-covered staircase.
  4971 | D:6      | Found Kauzarapn's Antique Weapon Shoppe.
  5325 | D:6      | Gained mutation: You are surrounded by a moderate repulsion
                  | field. (EV +3) [demonic ancestry]
  5325 | D:6      | Reached XP level 8. HP: 33/54 MP: 12/12
  5580 | D:5      | Reached skill level 5 in Hexes
  5840 | D:6      | Reached skill level 5 in Throwing
  5840 | D:6      | Reached skill level 1 in Armour
  6003 | D:6      | Found a staircase to the Ecumenical Temple.
  6100 | Temple   | Entered the Ecumenical Temple
  6383 | Temple   | Became a worshipper of Kikubaaqudgha
  6471 | D:6      | Found a hazy altar of Hepliaklqana.
  6800 | D:6      | Learned a level 4 spell: Cause Fear
  6897 | D:7      | Gained mutation: You regenerate health from kills. [demonic
                  | ancestry]
  6897 | D:7      | Reached XP level 9. HP: 52/59 MP: 13/15
  6938 | D:7      | Reached skill level 1 in Necromancy
  7056 | D:7      | Reached skill level 2 in Necromancy
  7122 | D:7      | Reached * piety under Kikubaaqudgha
  7122 | D:7      | Identified Kikubaaqudgha's Papyrus of Evil (Kikubaaqudgha
                  | gifted it to you on level 7 of the Dungeon)
  7122 | D:7      | Received a gift from Kikubaaqudgha
  7135 | D:7      | Learned a level 3 spell: Vampiric Draining
  7528 | D:7      | Reached skill level 5 in Spellcasting
  7528 | D:7      | Reached skill level 3 in Necromancy
  8224 | D:7      | Reached skill level 5 in Dodging
  8594 | D:7      | Reached skill level 4 in Necromancy
  8649 | D:8      | Learned a level 2 spell: Sublimation of Blood
  9156 | D:8      | Gained mutation: You regenerate a lot of health from kills.
                  | [demonic ancestry]
  9156 | D:8      | Reached XP level 10. HP: 62/65 MP: 18/18
  9176 | D:8      | Noticed Erica
  9384 | D:9      | Reached ** piety under Kikubaaqudgha
  9722 | D:9      | Noticed a moth of wrath
  9815 | D:9      | Found a bloodstained altar of Trog.
 10059 | D:10     | Entered Level 10 of the Dungeon
 10244 | D:10     | Found a staircase to the Orcish Mines.
 10262 | D:10     | Reached skill level 5 in Necromancy
 10892 | D:8      | Killed Erica
 10892 | D:8      | Reached skill level 5 in Armour
 11122 | D:10     | Found a staircase to the Lair.
 11302 | D:10     | Learned a level 1 spell: Confusing Touch
 11304 | D:10     | Learned a level 1 spell: Apportation
 11520 | D:10     | Reached skill level 6 in Necromancy
 11689 | D:10     | Noticed an unseen horror
 12076 | D:11     | Reached *** piety under Kikubaaqudgha
 12076 | D:11     | Identified Kikubaaqudgha's Catalogue of Sinister Magic
                  | (Kikubaaqudgha gifted it to you on level 11 of the Dungeon)
 12076 | D:11     | Received a gift from Kikubaaqudgha
 12146 | D:11     | Learned a level 3 spell: Confuse
 12324 | D:11     | Reached XP level 11. HP: 50/70 MP: 11/21
 12674 | Lair:1   | Entered Level 1 of the Lair of Beasts
 14415 | Lair:2   | Reached skill level 7 in Necromancy
 15035 | Lair:2   | Found a staircase to the Shoals.
 15713 | Lair:3   | Reached skill level 8 in Necromancy
 16483 | Lair:3   | Reached **** piety under Kikubaaqudgha
 16861 | Lair:3   | Noticed a six-headed hydra
 17315 | Lair:3   | Killed a six-headed hydra
 17315 | Lair:3   | Gained mutation: You have very sharp fingernails. [demonic
                  | ancestry]
 17315 | Lair:3   | Reached XP level 12. HP: 49/76 MP: 15/23
 17465 | Lair:3   | Reached skill level 9 in Necromancy
 18518 | Lair:4   | Found a hole to the Spider Nest.
 18932 | Lair:4   | Noticed a six-headed hydra
 18947 | Lair:4   | Killed a five-headed hydra
 18947 | Lair:4   | Reached skill level 10 in Armour
 20108 | Lair:5   | Noticed an eight-headed hydra
 20138 | Lair:5   | Killed a six-headed hydra
 20187 | Lair:5   | Got a smoking spear
 20188 | Lair:5   | Identified the +12 spear "Remok" {drain, rN+ Str+3} (You
                  | found it on level 5 of the Lair of Beasts)
 20295 | Lair:5   | Reached ***** piety under Kikubaaqudgha
 20825 | Lair:6   | Entered Level 6 of the Lair of Beasts
 21162 | Lair:6   | Gained mutation: You have claws for hands. [demonic
                  | ancestry]
 21162 | Lair:6   | Reached XP level 13. HP: 85/85 MP: 17/24
 21581 | Lair:1   | Identified a scroll of acquirement
 22265 | Orc:1    | Entered Level 1 of the Orcish Mines
 22402 | Orc:1    | Found a roughly hewn altar of Beogh.
 22657 | Orc:2    | Entered Level 2 of the Orcish Mines
 22870 | Orc:2    | Reached skill level 5 in Fighting
 23088 | Orc:2    | Noticed Maurice
 23612 | Orc:2    | HP: 3/98 [orc priest/divine providence[an orc knight] (14)]
 24281 | Orc:2    | Reached ****** piety under Kikubaaqudgha
 24447 | Orc:2    | Killed Maurice
 24585 | Orc:2    | Found Jet Geire's Book Shop.
 24586 | Orc:2    | Found Faur Ygu's Magic Scroll Shoppe.
 24586 | Orc:2    | Found Yxipnut's Armour Shop.
 24586 | Orc:2    | Found Doli's Gadget Emporium.
 24614 | Orc:2    | Bought a book of Minor Magic for 220 gold pieces
 24615 | Orc:2    | Bought a scroll of blinking for 97 gold pieces
 24615 | Orc:2    | Bought a scroll of teleportation for 39 gold pieces
 24615 | Orc:2    | Bought a scroll of teleportation for 39 gold pieces
 24772 | Orc:2    | Reached XP level 14. HP: 106/106 MP: 20/25
 24885 | Orc:2    | Found a staircase to the Elven Halls.
 25087 | Orc:1    | Learned a level 3 spell: Mephitic Cloud
 25091 | Orc:1    | Learned a level 3 spell: Conjure Flame
 25094 | Orc:1    | Learned a level 2 spell: Blink
 25742 | D:12     | Reached skill level 1 in Conjurations
 25824 | D:12     | Reached skill level 1 in Translocations
 29169 | D:13     | Found a gate to the Vaults.
 29694 | D:13     | Reached skill level 10 in Necromancy
 29711 | D:13     | Reached skill level 10 in Fighting
 30231 | D:14     | Found a frozen archway.
 30283 | IceCv    | Entered an ice cave
 30783 | IceCv    | Learned a level 1 spell: Animate Skeleton
 31291 | IceCv    | Got a warped ruby amulet
 31294 | IceCv    | Identified the amulet of Yhesah {rN+ Regen+} (You found it
                  | in an ice cave)
 32068 | D:14     | Reached skill level 11 in Necromancy
 32177 | D:14     | Gained mutation: Your flesh is cold resistant. (rC+)
                  | [demonic ancestry]
 32177 | D:14     | Reached XP level 15. HP: 103/115 MP: 28/28
 32599 | Spider:1 | Entered Level 1 of the Spider Nest
 32798 | Spider:1 | Reached skill level 10 in Spellcasting
 33239 | Spider:1 | Reached skill level 1 in Evocations
 33249 | Spider:1 | Noticed Jorgrun
 33594 | Shoals:1 | Entered Level 1 of the Shoals
 33803 | Shoals:1 | Upgraded the game from 0.24-a0-441-g27f0392e16 to
                  | 0.24-a0-446-g87df7205b4
 34110 | Shoals:1 | Reached skill level 12 in Necromancy
 34133 | Shoals:1 | Noticed Frances
 34231 | Lair:2   | Learned a level 4 spell: Animate Dead
 34237 | Lair:2   | Learned a level 5 spell: Borgnjor's Vile Clutch
 34471 | Lair:6   | Found a staircase to the Slime Pits.
 34809 | Lair:6   | Paralysed by a hornet for 1 turns
 35238 | Lair:6   | Received a gift from Kikubaaqudgha
 35479 | D:15     | Entered Level 15 of the Dungeon
 35702 | D:15     | Found a staircase to the Depths.
 35702 | D:15     | Noticed a fire giant
 35889 | D:15     | Reached skill level 13 in Necromancy
 36212 | D:15     | Killed a fire giant
 36455 | D:15     | Gained mutation: A demonic guardian rushes to your aid.
                  | [demonic ancestry]
 36455 | D:15     | Reached XP level 16. HP: 102/122 MP: 31/31
 36458 | D:15     | Found an iron altar of Okawaru.
 36902 | Depths:1 | Entered Level 1 of the Depths
 36908 | Depths:1 | Noticed a sphinx
 36920 | D:15     | Learned a level 3 spell: Regeneration
 36946 | Depths:1 | Paralysed by a sphinx for 4 turns
 36956 | D:15     | Killed a sphinx
 37647 | Shoals:1 | Killed Frances
 37990 | Shoals:2 | Identified the Guide on Attacks
 38035 | Shoals:2 | Reached skill level 14 in Necromancy
 38538 | Shoals:2 | Found a shimmering altar of Xom.
 39069 | Shoals:2 | Learned a level 2 spell: Swiftness
 39345 | Shoals:2 | Noticed Ilsuiw
 39638 | Shoals:2 | Killed Ilsuiw
 40061 | Shoals:3 | Noticed a kraken
 40334 | Shoals:3 | Noticed a kraken
 40368 | Shoals:3 | Reached skill level 15 in Necromancy
 40590 | Shoals:3 | Found a shimmering altar of Xom.
 40735 | Shoals:4 | Entered Level 4 of the Shoals
 40736 | Shoals:4 | Noticed Donald
 40903 | Shoals:4 | Noticed Louise
 40904 | Shoals:4 | HP: 4/122 [water nymph/the raging water (14)]
 40912 | Shoals:4 | HP: 4/122 [merfolk aquamancer/shard of ice (17)]
 41011 | Shoals:4 | Noticed Bai Suzhen
 41031 | Shoals:4 | Killed from afar by a water nymph

Levels and vault maps discovered:
D:1:      shiori_arrival_oz, layout_basic
D:2:      layout_basic, first_ration, st_stairs_4, roderic_roman_lattice
D:3:      layout_loops_ring, chequers_ecumenical_altar_simple_redux, uniq_ijyb,
          uniq_jessica
D:4:      layout_cave_pools, serial_shops, shop_fountains,
          nicolae_shop_statue_plus, uniq_blork_the_orc
D:5:      layout_gridville, gup_ossuary_entry_pyramid
D:6:      layout_basic, lemuel_doored_altar, minmay_temple_entry_hall,
          serial_shops, shop, minmay_misc_feat_roman, hangedman_decor_push
D:7:      layout_rooms, grunt_livestock, kennysheep_generic_room_9
D:8:      layout_gridville, uniq_erica
D:9:      layout_rooms, tgw_trog
D:10:     layout_small_grid, lair_entry_dummy, orc_0_dummy,
          minmay_misc_feat_more_columns
D:11:     layout_grid_maze, gauntlet_entry_generic
D:12:     layout_basic, minmay_diamond_spiral
D:13:     minmay_wizard_corner, layout_layer_cave, david_vaults_1
D:14:     layout_loops_cross, portal_ice_cave_entry_ice_beasts,
          hangedman_decor_clover_reticule
D:15:     grunt_enter_depths_giant_problem, layout_loops_corners,
          minmay_misc_feat_enclosed, basic_altar, minivault_25_ag
Temple:   roderic_octagonal_lattice_temple
Lair:1:   layout_layer_cave, grunt_megastairs_3
Lair:2:   layout_loops_ring, minmay_shoals_entry_lonely_mermaid
Lair:3:   wander_river, layout_regular_city, serial_bayou_ford_a,
          grunt_forest_large_clearing_hut
Lair:4:   layout_regular_city, nicolae_spider_entry_tight_spaces,
          nicolae_lair_grove_arrangements
Lair:5:   layout_roguey, serial_bayou_pond_a, infiniplex_staircase_pool_2
Lair:6:   minmay_lair_end_enchanted_forest, layout_big_grid,
          nicolae_slime_entry_slimehenge
Shoals:1: layout_shoals, uniq_frances
Shoals:2: layout_shoals, lemuel_oklob_altar, uniq_ilsuiw
Shoals:3: layout_shoals, nicolae_shoals_circle_sea_wall, lemuel_altar_in_water
Shoals:4: shoals_end_grunt_garden, layout_shoals, nicolae_shoals_water_shrine,
          uniq_bai_suzhen, uniq_louise, uniq_donald
Spider:1: layout_spider_delve, hangedman_spider_tarantella_strand, uniq_jorgrun
Orc:1:    layout_caves, basic_altar
Orc:2:    st_orc_ogre_mass, layout_caves, uniq_maurice
Depths:1: layout_small_grid, enter_ziggurat_d, pf_hell_entry_great_geh,
          serial_shops, shop, skrybe_limestone_x, moated_statue,
          hangedman_abyss_or_decor_lesser_grid, grunt_ministairs_3,
          minmay_parallelograms, minmay_misc_feat_cross,
          chequers_serial_rivers_micro_d, kennysheep_generic_room_2

Skill      XL: |  1  2  3  4  5  6  7  8  9 10 11 12 13 14 15 16 |
---------------+-------------------------------------------------+-----
Slings         | 2 |  2.2
Dodging        | 2 3 4 5 6 7 |  7.0
Throwing       | 1 2 3 4 5 |  5.4
Shields        | 1 2 3 4 |  4.4
Spellcasting   | 2 3 4 5 6 7 9 11 13 | 13.4
Hexes          | 4 5 6 8 |  8.7
Armour         | 2 4 5 7 11 13 | 13.8
Necromancy     | 4 6 8 9 11 13 15 | 15.3
Fighting       | 2 8 10 | 10.0
Conjurations   | 2 |  2.3
Translocations | 2 |  2.1
Evocations     | 4 |  4.5
Short Blades   | |  0.1

Action                   |  1- 3 |  4- 6 |  7- 9 | 10-12 | 13-15 | 16-18 || total
-------------------------+-------+-------+-------+-------+-------+-------++-------
Melee: Dagger            |    37 |   132 |    72 |       |       |       ||   241
       Club              |       |       |   268 |       |       |       ||   268
       Short sword       |       |       |   306 |   176 |       |       ||   482
       Scimitar          |       |       |       |   491 |    48 |       ||   539
       War axe           |       |       |       |    41 |    38 |       ||    79
       Spear             |       |       |       |   137 |  1962 |   453 ||  2552
 Fire: Hunting sling     |    69 |     8 |    63 |       |       |       ||   140
       Hand crossbow     |       |       |       |     6 |       |       ||     6
       Shortbow          |       |       |       |       |       |    29 ||    29
Throw: Stone             |     6 |       |       |       |       |       ||     6
       Dart              |     5 |    57 |    42 |   260 |    48 |    22 ||   434
       Boomerang         |       |       |       |    51 |    49 |     9 ||   109
 Cast: Slow              |     7 |    42 |    39 |   148 |   110 |    43 ||   389
       Corona            |     2 |    26 |    39 |   111 |    38 |     8 ||   224
       Cause Fear        |       |       |     2 |    42 |    41 |     1 ||    86
       Vampiric Draining |       |       |     2 |    39 |    78 |     4 ||   123
       Confuse           |       |       |       |    16 |    29 |       ||    45
       Sublimation of Bl |       |       |       |     8 |    18 |    27 ||    53
       Confusing Touch   |       |       |       |     8 |    39 |     2 ||    49
       Animate Skeleton  |       |       |       |       |     5 |       ||     5
       Blink             |       |       |       |       |     4 |     8 ||    12
       Mephitic Cloud    |       |       |       |       |    28 |    22 ||    50
       Borgnjor's Vile C |       |       |       |       |    17 |    31 ||    48
       Conjure Flame     |       |       |       |       |     7 |     2 ||     9
       Animate Dead      |       |       |       |       |     2 |    15 ||    17
       Regeneration      |       |       |       |       |       |    14 ||    14
       Swiftness         |       |       |       |       |       |     1 ||     1
Invok: Receive Corpses   |       |       |       |       |     4 |    20 ||    24
       Receive Necronomi |       |       |       |       |     1 |       ||     1
 Abil: Evoke Flight      |       |       |       |       |     2 |     1 ||     3
Evoke: Wand              |       |       |       |       |     4 |       ||     4
       Lightning rod     |       |       |       |       |       |     1 ||     1
  Use: Potion            |     3 |     1 |       |     1 |     3 |     2 ||    10
       Scroll            |       |       |    14 |     8 |    12 |    12 ||    46
 Stab: Distracted        |       |     1 |       |     3 |     7 |     1 ||    12
       Sleeping          |       |       |       |     2 |       |       ||     2
       Confused          |       |       |       |     9 |    33 |     8 ||    50
  Eat: Chunk             |     1 |    11 |    20 |    39 |    60 |    23 ||   154
       Ration            |       |       |       |     2 |     1 |     2 ||     5
Armor: Robe              |    14 |    14 |       |       |       |       ||    28
       Leather armour    |       |       |   118 |    72 |       |       ||   190
       Ring mail         |       |       |       |    69 |       |       ||    69
       Chain mail        |       |       |       |    41 |   244 |       ||   285
       Scale mail        |       |       |       |       |   507 |   142 ||   649
Dodge: Dodged            |    52 |    84 |   479 |   661 |  1286 |   327 ||  2889
Block: Buckler           |     1 |    23 |   166 |   212 |   472 |   104 ||   978
       Rpst.: Scimitar   |       |       |       |   117 |    16 |       ||   133

Table legend:
 A = Non-vault XP
 B = Vault XP
 C = Vault XP percentage of total XP
 D = Non-vault monster count
 E = Vault monster count
 F = Vault count percentage of total count
                 A         B        C        D         E       F
            +---------+---------+-------+---------+---------+-------
      Total |  147618 |   58945 |  28.5 |     754 |     195 |  20.5
            +---------+---------+-------+---------+---------+-------
        D:1 |      21 |       3 |  12.5 |      12 |       2 |  14.3
        D:2 |      76 |       2 |   2.6 |      22 |       1 |   4.3
        D:3 |     222 |      73 |  24.7 |      23 |       2 |   8.0
        D:4 |     343 |      87 |  20.2 |      21 |       1 |   4.5
        D:5 |     621 |      16 |   2.5 |      16 |       1 |   5.9
        D:6 |    1120 |     124 |  10.0 |      31 |       1 |   3.1
        D:7 |    1770 |     628 |  26.2 |      43 |       4 |   8.5
        D:8 |     655 |     645 |  49.6 |       8 |       1 |  11.1
        D:9 |    1101 |      13 |   1.2 |      22 |       5 |  18.5
       D:10 |    3277 |       0 |   0.0 |      34 |       0 |   0.0
       D:11 |    4258 |       0 |   0.0 |      31 |       0 |   0.0
       D:12 |    6831 |    1751 |  20.4 |      39 |       4 |   9.3
       D:13 |   10400 |    5271 |  33.6 |      56 |      11 |  16.4
       D:14 |    7169 |    1006 |  12.3 |      32 |       8 |  20.0
       D:15 |   16588 |    1770 |   9.6 |      42 |       1 |   2.3
     Lair:1 |     930 |     310 |  25.0 |       7 |       2 |  22.2
     Lair:2 |    3508 |     384 |   9.9 |      18 |       1 |   5.3
     Lair:3 |    5879 |    1243 |  17.5 |      30 |       4 |  11.8
     Lair:4 |    5659 |    1046 |  15.6 |      23 |       4 |  14.8
     Lair:5 |    3239 |       0 |   0.0 |      14 |       0 |   0.0
     Lair:6 |   14453 |    7269 |  33.5 |      56 |      49 |  46.7
   Shoals:1 |   19283 |    1386 |   6.7 |      41 |       1 |   2.4
   Shoals:2 |   16315 |    3134 |  16.1 |      44 |       6 |  12.0
   Shoals:3 |   10804 |     553 |   4.9 |      22 |       2 |   8.3
   Shoals:4 |    2829 |    6095 |  68.3 |       6 |      19 |  76.0
   Spider:1 |    7392 |     210 |   2.8 |      20 |       1 |   4.8
      Orc:1 |    1562 |    7472 |  82.7 |      14 |      14 |  50.0
      Orc:2 |    1313 |   13301 |  91.0 |      27 |      30 |  52.6
      IceCv |       0 |    5153 | 100.0 |       0 |      20 | 100.0
            +---------+---------+-------+---------+---------+-------
